 Dungeon Crawl Stone Soup version 0.29.0-4-gdea44cf6ec (webtiles) character file.

Game seed: 13447557486292612907

106 qw the Chopper (level 4, -5/26 HPs)
             Began as a Tengu Warper on Aug 28, 2022.
             Killed from afar by a steam dragon (8 damage)
             ... with a ball of steam
             ... on level 3 of the Dungeon.
             The game lasted 00:00:12 (2660 turns).

qw the Chopper (Tengu Warper)                       Turns: 2660, Time: 00:00:13

Health: -5/26      AC:  8    Str: 13    XL:     4   Next: 84%
Magic:  8/8        EV:  9    Int: 13    God:
Gold:   177        SH:  4    Dex: 14    Spells: 7/7 levels left

rFire   . . .      SeeInvis .   Y - +3 hand axe
rCold   . . .      Faith    .   f - +0 buckler
rNeg    . . .      Spirit   .   c - +0 chain mail
rPois   .          Reflect  .   (helmet restricted)
rElec   .          Harm     .   (no cloak)
rCorr   .          Rampage  .   (no gloves)
Will    .....                   (boots unavailable)
Stlth   ..........              (no amulet)
HPRegen 0.08/turn               g - +4 ring of evasion
MPRegen 0.11/turn               (no ring)

@: no status effects
A: beak, talons 3
a: no special abilities


You were on level 3 of the Dungeon.
You visited 1 branch of the dungeon, and saw 3 of its levels.

You collected 177 gold pieces.


Innate Abilities, Weirdness & Mutations

You have a beak for a mouth.
You have claws for feet.


   Skills:
 - Level 2.0 Fighting
 + Level 5.0 Axes
 - Level 1.0 Throwing
 - Level 1.1 Armour
 - Level 2.1 Dodging
 - Level 1.2 Shields
 - Level 2.0 Spellcasting
 - Level 2.4 Translocations


You had 7 spell levels left.
You didn't know any spells.
Your spell library contained the following spells:

 Spells                   Type           Power      Damage    Failure   Level
 Blink                    Tloc           14%        N/A       100%        2
 Gell's Gravitas          Tloc           7%         N/A       100%        3
 Lesser Beckoning         Tloc           7%         N/A       100%        3
 Teleport Other           Tloc           7%         N/A       100%        3
 Manifold Assault         Tloc           7%         N/A       100%        5

Inventory:

Hand Weapons
 d - a +0 flail
 Y - a +3 hand axe (weapon)
Armour
 a - a +0 cloak
 c - a +0 chain mail (worn)
 f - a +0 buckler (worn)
Jewellery
 g - a +4 ring of evasion (left hand)
Potions
 b - a potion of mutation {unknown}
 e - 3 potions of curing
 h - a potion of degeneration {unknown}
 i - a potion of might
 j - a potion of heal wounds {unknown}
 k - a potion of magic {unknown}
 l - a potion of invisibility {unknown}

Dungeon Overview and Level Annotations

Branches:
Dungeon (3/15)

Altars:
Qazlal


Message History

You hit the jackal. You claw the jackal, but do no damage.
The jackal is almost dead.
The jackal closely misses you. The jackal completely misses you.
You hit the jackal but do no damage. Your kick misses the jackal.
The jackal is almost dead.
The jackal closely misses you.
You miss the jackal. You peck the jackal.
You kill the jackal!
Found a dagger.
a - a +0 cloak
b - an amethyst potion A giant cockroach comes into view.
The giant cockroach falls through a shaft!
The shaft crumbles and collapses.
Found a stormy altar of Qazlal.
k - a purple potion A giant cockroach comes into view.
Found a stone staircase leading down.
The giant cockroach waves its antennae.
You hit the giant cockroach.
You kill the giant cockroach!
There is a stone staircase leading down here.
You now have 177 gold pieces (gained 14).
Enter note:
Enter note:
Enter note:
Enter note:
Enter note: The steam dragon breathes steam at you.
The ball of steam hits you!
Ouch! That really hurt!
You barely miss the steam dragon.
The steam dragon bites you but does no damage.
The steam dragon claws you but does no damage.
You closely miss the steam dragon. You claw the steam dragon.
The steam dragon is lightly wounded.
You are engulfed in a cloud of scalding steam.
The steam dragon breathes steam at you. The ball of steam hits you!
You die...

#.# #.#.. .. #.# #. ...
## #.# #.# #.# ###
#.###.#########.######.##
#.......................#
####...####.##########.##
##.....###.# #.#
#......D##.# #.#
.......@¤#.# #.#
.......¤¤.¤# #.#
.........### #.#
#.......## #># ##.....##
#.# ##...# #.# #### #.#
#.# #.#


You could see a steam dragon (catching breath).

Vanquished Creatures
  A scorpion (D:3)
  An adder (D:2)
  8 ball pythons
  2 bats (D:3)
  4 endoplasms
  2 giant cockroaches (D:3)
  2 goblins (D:2)
  3 hobgoblins
  A jackal (D:3)
  5 kobolds
  5 rats
34 creatures vanquished.

Notes
Turn   | Place    | Note
-------+----------+-------------------------------------------
     0 | D:1      | qw the Tengu Warper began the quest for the Orb.
     0 | D:1      | Reached XP level 1. HP: 12/12 MP: 4/4
     0 | D:1      | 0 ||| qw: Version: 0.1-a-89-g26bdef1
     0 | D:1      | 0 ||| qw: Game counter: 1409
     0 | D:1      | 0 ||| qw: Always use a shield: true
     0 | D:1      | 0 ||| qw: God list: Okawaru
     0 | D:1      | 0 ||| qw: Allow faded altars: false
     0 | D:1      | 0 ||| qw: Do Orc after D:15 true
     0 | D:1      | 0 ||| qw: Do second Lair branch before Depths: true
     0 | D:1      | 0 ||| qw: Lair rune preference: random
     0 | D:1      | 0 ||| qw: Plans: Normal
     0 | D:1      | 0 ||| PLANNING D:1-11
   130 | D:1      | 130 ||| Stepping ~*~*~tactically~*~*~ (stealth).
   149 | D:1      | Reached skill level 3 in Axes
   149 | D:1      | Reached XP level 2. HP: 12/17 MP: 6/6
   379 | D:1      | 379 ||| DROPPING +0 whip.
   431 | D:1      | 431 ||| DROPPING +0 whip of pain.
   533 | D:1      | 533 ||| Stepping ~*~*~tactically~*~*~ (stealth).
   534 | D:1      | 534 ||| Stepping ~*~*~tactically~*~*~ (stealth).
   536 | D:1      | 536 ||| Stepping ~*~*~tactically~*~*~ (stealth).
   567 | D:1      | 567 ||| Stepping ~*~*~tactically~*~*~ (stealth).
   568 | D:1      | 568 ||| Stepping ~*~*~tactically~*~*~ (stealth).
   569 | D:1      | 569 ||| Stepping ~*~*~tactically~*~*~ (stealth).
   931 | D:1      | Found a faded altar of an unknown god.
  1164 | D:1      | 1164 ||| UPGRADING to +0 buckler.
  1169 | D:1      | 1169 ||| UPGRADING to +4 ring of evasion.
  1170 | D:1      | 1170 ||| DROPPING ring of flight.
  1171 | D:1      | 1171 ||| READING 2 scrolls labelled ITHRUON FOSKEN.
  1175 | D:1      | 1175 ||| READING scroll labelled NEANLY YTYARGH.
  1176 | D:1      | 1176 ||| READING scroll labelled RIREWINUYTH.
  1177 | D:1      | 1177 ||| DRINKING 2 gluggy blue potions.
  1178 | D:1      | 1178 ||| DROPPING scroll of blinking.
  1249 | D:2      | Reached skill level 1 in Shields
  1249 | D:2      | Reached XP level 3. HP: 17/21 MP: 7/7
  1662 | D:2      | 1662 ||| UPGRADING to +0 chain mail.
  1672 | D:2      | 1672 ||| DROPPING +0 leather armour.
  1673 | D:2      | 1673 ||| READING 3 scrolls labelled AVVANAU MIAMP.
  1674 | D:2      | 1674 ||| READING 2 scrolls of enchant weapon.
  1674 | D:2      | 1674 ||| ENCHANTING +1 hand axe.
  1675 | D:2      | 1675 ||| READING scroll of enchant weapon.
  1675 | D:2      | 1675 ||| ENCHANTING +2 hand axe.
  1676 | D:2      | 1676 ||| DRINKING 2 ruby potions.
  2073 | D:3      | Noticed a steam dragon
  2074 | D:3      | 2074 ||| Stepping ~*~*~tactically~*~*~ (stealth).
  2076 | D:3      | 2076 ||| Stepping ~*~*~tactically~*~*~ (cloud).
  2077 | D:3      | 2077 ||| READING scroll of teleportation.
  2117 | D:3      | Noticed a scorpion
  2128 | D:3      | Killed a scorpion
  2129 | D:3      | Reached skill level 5 in Axes
  2129 | D:3      | Reached XP level 4. HP: 10/26 MP: 8/8
  2131 | D:3      | HP: 6/26 [poisoned by a scorpion]
  2428 | D:3      | 2428 ||| READING scroll labelled BURGHIR FYME.
  2600 | D:3      | Found a stormy altar of Qazlal.
  2660 | D:3      | HP: 2/26 [steam dragon] (10)]
  2660 | D:3      | Killed from afar by a steam dragon

Levels and vault maps discovered:
D:1:      amcnicky_arrival_abandoned_market, layout_basic,
          hellmonk_ecumenical_altar_leap_of_faith
D:2:      layout_basic
D:3:      layout_loops_ring, grunt_qazlal_clouds

Skill      XL: |  1  2  3 |
---------------+----------+-----
Axes           | 3 5 |  5.0
Shields        | 1 |  1.2
Fighting       | |  2.0
Throwing       | |  1.0
Armour         | |  1.1
Dodging        | |  2.1
Spellcasting   | |  2.0
Translocations | |  2.4

Action                   |  1- 3 |  4- 6 || total
-------------------------+-------+-------++-------
Melee: Hand axe          |    73 |     7 ||    80
       Kick              |    15 |     2 ||    17
       Peck              |    15 |     1 ||    16
Throw: Boomerang         |     7 |       ||     7
  Use: Scroll            |     7 |     1 ||     8
       Potion            |     2 |       ||     2
Armor: Leather armour    |    15 |       ||    15
       Chain mail        |    10 |     3 ||    13
Dodge: Dodged            |    28 |     4 ||    32
Block: Buckler           |     5 |       ||     5

Table legend:
 A = Non-vault XP
 B = Vault XP
 C = Vault XP percentage of total XP
 D = Non-vault monster count
 E = Vault monster count
 F = Vault count percentage of total count
                 A         B        C        D         E       F
            +---------+---------+-------+---------+---------+-------
      Total |     152 |       0 |   0.0 |      34 |       0 |   0.0
            +---------+---------+-------+---------+---------+-------
        D:1 |      24 |       0 |   0.0 |      16 |       0 |   0.0
        D:2 |      22 |       0 |   0.0 |       7 |       0 |   0.0
        D:3 |     106 |       0 |   0.0 |      11 |       0 |   0.0
            +---------+---------+-------+---------+---------+-------
